 Dungeon Crawl Stone Soup version 0.28.0-43-g3370ac3207 (webtiles) character file.

Game seed: 9934963589052382318

378 jimonade the Fighter (level 6, -4/57 HPs)
             Began as a Gnoll Wanderer on Mar 17, 2022.
             Blown up by Ijyb (17 damage)
             ... with a mindburst bolt
             ... on level 3 of the Dungeon.
             The game lasted 00:20:00 (4146 turns).

jimonade the Fighter (Gnoll Wanderer)               Turns: 4146, Time: 00:20:00

Health: -4/57      AC:  7    Str: 11    XL:     6   Next: 74%
Magic:  8/11       EV: 12    Int: 13    God:
Gold:   148        SH:  0    Dex: 12    Spells: 8/12 levels left

rFire   . . .      SeeInvis .   q - +0 dagger (venom)
rCold   . . .      Faith    .   (no shield)
rNeg    . . .      Spirit   .   d - +0 robe
rPois   .          Reflect  .   r - +0 helmet
rElec   .          Harm     .   (no cloak)
rCorr   .          Rampage  .   (no gloves)
Will    .....                   (no boots)
Stlth   ++........              (no amulet)
HPRegen 0.19/turn               e - +4 ring of protection
MPRegen 0.12/turn               (no ring)

@: no status effects
A: fangs 1, strong nose, distributed training
a: no special abilities


You were on level 3 of the Dungeon.
You visited 1 branch of the dungeon, and saw 3 of its levels.

You collected 148 gold pieces.

Inventory:

Hand Weapons
 a - a +0 dagger
 q - a +0 dagger of venom (weapon)
 v - a +0 trident
Missiles
 b - 10 poisoned darts
 m - 14 bolts
 o - 43 stones
 s - 14 arrows
 x - 3 boomerangs
Armour
 d - a +0 robe (worn)
 r - a +0 helmet (worn)
 t - a +0 leather armour
 w - a +0 ring mail
Magical Staves
 p - a staff of poison
Jewellery
 e - a +4 ring of protection (left hand)
Wands
 u - a wand of flame (22)
Scrolls
 g - a scroll of brand weapon {unknown}
 h - 2 scrolls of immolation {unknown}
 i - 5 scrolls of identify {unknown}
 j - a scroll of enchant armour {unknown}
 k - 4 scrolls of fog {unknown}
 l - 2 scrolls of teleportation {unknown}
 n - a scroll of noise {unknown}
Potions
 c - 3 potions of attraction
 f - a potion of curing {unknown}


   Skills:
 + Level 8.8 Fighting
 + Level 2.1 Short Blades
 + Level 2.1 Long Blades
 + Level 2.1 Axes
 + Level 2.1 Maces & Flails
 + Level 2.1 Polearms
 + Level 2.1 Staves
 + Level 2.1 Slings
 + Level 2.1 Bows
 + Level 2.1 Crossbows
 + Level 5.0 Throwing
 + Level 2.1 Armour
 + Level 3.3 Dodging
 + Level 2.1 Stealth
 + Level 2.1 Shields
 + Level 2.1 Unarmed Combat
 + Level 3.5 Spellcasting
 + Level 1.6 Conjurations
 + Level 1.6 Hexes
 + Level 1.6 Summonings
 + Level 1.6 Necromancy
 + Level 1.6 Translocations
 + Level 1.6 Transmutations
 + Level 1.6 Fire Magic
 + Level 1.6 Ice Magic
 + Level 1.6 Air Magic
 + Level 1.6 Earth Magic
 + Level 4.1 Poison Magic
 + Level 2.3 Invocations
 + Level 2.1 Evocations


You had 8 spell levels left.
You knew the following spells:

 Your Spells              Type           Power      Damage    Failure   Level
a - Sting                 Tmut/Pois      36%        1d4       7%          1
b - Poisonous Vapours     Pois/Air       18%        N/A       10%         2
c - Slow                  Hex            24%        N/A       11%         1

Your spell library contained the following spells:

 Spells                   Type           Power      Damage    Failure   Level
 Ignite Poison            Fire/Tmut/Pois 8%         N/A       24%         3
 Confusing Touch          Hex            6%         N/A       32%         3
 Vampiric Draining        Necr           6%         2d6       32%         3


Dungeon Overview and Level Annotations

Branches:
Dungeon (3/15)

Altars:
Yredelemnul

Annotations:
D:3 2 runed translucent doors, Ijyb


Innate Abilities, Weirdness & Mutations

You have very sharp teeth.
Your uncanny sense of smell can sniff out nearby items.
Your experience applies equally to all skills.


Message History

Okay, then.
Ijyb zaps a wand.
Your mind is blasted!
Aiming: Sting (safe; 7% risk of failure)
Press: ? - help, Q - select action, (/) - cycle Shift-Dir - straight line, f/p - Ijyb
Aim: Ijyb, wielding a +0 club, wearing a +2 scale mail of fire resistance and carrying a wand of mindburst (10) (slow, 68% to hit)
You feel a surge of power!
You miscast Sting.
You are very lightly contaminated with residual magic.
Nothing appears to happen.
Aiming: Sting (safe; 7% risk of failure)
Press: ? - help, Q - select action, (/) - cycle Shift-Dir - straight line, f/p - Ijyb
Aim: Ijyb, wielding a +0 club, wearing a +2 scale mail of fire resistance and carrying a wand of mindburst (10) (slow, 68% to hit)
You feel a surge of power!
The sting misses Ijyb.
Ijyb zaps a wand.
Your mind is blasted!
* * * LOW HITPOINT WARNING * * *
Your +0 dagger of venom begins to drip with poison!
q - a +0 dagger of venom (weapon)
You hit Ijyb but do no damage. Ijyb misses you.
You hit Ijyb but do no damage.
Ijyb is poisoned.
Ijyb completely misses you.
You barely miss Ijyb. You hit Ijyb but do no damage.
Ijyb looks even sicker.
Ijyb is no longer moving slowly.
Ijyb closely misses you.
Your magical contamination has completely faded away.
You hit Ijyb but do no damage.
Ijyb is lightly wounded.
Ijyb hits you but does no damage.
You hit Ijyb but do no damage.
Ijyb looks as sick as possible!
Ijyb is lightly wounded.
Ijyb closely misses you.
You hit Ijyb but do no damage.
Ijyb is lightly wounded.
Ijyb misses you.
You hit Ijyb but do no damage.
Ijyb looks as sick as possible!
Ijyb is moderately wounded.
Ijyb screams, "I dance on your bones!" Ijyb hits you but does no damage.
You hit Ijyb but do no damage.
Ijyb looks as sick as possible!
You bite Ijyb, but do no damage.
Ijyb is moderately wounded.
Ijyb zaps a wand.
Your mind is blasted!
You die...

.. ... .... ###
....###..
........###############
∆
......................#
........g......†#####.#
###.....#####g..#
#†###### #.....#
#@..#####.#....#
#.....#
#...#.....#.##.#
#....$#
#...#.....#'##.#
#.....#
#...#........#.#
#..g###
#...#........#.### #...
#................. #...
#..####.#....#.###
#..####.#.........
#..#.........#.###


You could see Ijyb (extremely poisoned).

Vanquished Creatures
  Sigmund (D:3)
  An orc priest (D:3)
  Terence (D:3)
  An orc wizard (D:3)
  3 gnolls (D:2)
  3 adders
  4 worms (D:2)
  2 dart slugs (D:1)
  5 orcs (D:3)
  9 bats
  2 endoplasms
  5 giant cockroaches
  3 goblins
  8 hobgoblins
  6 jackals
  3 quokkas
  5 ball pythons
  4 frilled lizards
  6 kobolds
  5 rats
77 creatures vanquished.

Notes
Turn   | Place    | Note
-------+----------+-------------------------------------------
     0 | D:1      | jimonade the Gnoll Wanderer began the quest for the Orb.
     0 | D:1      | jimonade set off with the following items: a +0 dagger, 10
                  | poisoned darts, a potion of attraction, a +0 robe; and the
                  | following spell memorised: Sting; and the following spells
                  | available to memorise: Poisonous Vapours, Ignite Poison
     0 | D:1      | Reached XP level 1. HP: 26/26 MP: 4/4
   167 | D:1      | Reached XP level 2. HP: 30/33 MP: 3/5
   669 | D:1      | Reached XP level 3. HP: 38/38 MP: 4/7
   779 | D:1      | Learned a level 2 spell: Poisonous Vapours
   781 | D:1      | Learned a level 1 spell: Slow
  1124 | D:2      | Found a faded altar of an unknown god.
  1254 | D:2      | Reached skill level 1 in Invocations
  1425 | D:2      | Reached skill level 1 in Short Blades
  1425 | D:2      | Reached skill level 1 in Long Blades
  1425 | D:2      | Reached skill level 1 in Axes
  1425 | D:2      | Reached skill level 1 in Maces & Flails
  1425 | D:2      | Reached skill level 1 in Polearms
  1425 | D:2      | Reached skill level 1 in Staves
  1425 | D:2      | Reached skill level 1 in Slings
  1425 | D:2      | Reached skill level 1 in Bows
  1425 | D:2      | Reached skill level 1 in Crossbows
  1425 | D:2      | Reached skill level 1 in Armour
  1425 | D:2      | Reached skill level 1 in Stealth
  1425 | D:2      | Reached skill level 1 in Shields
  1425 | D:2      | Reached skill level 1 in Unarmed Combat
  1425 | D:2      | Reached skill level 1 in Evocations
  1790 | D:2      | Reached XP level 4. HP: 45/45 MP: 3/8
  2159 | D:2      | Reached skill level 1 in Conjurations
  2159 | D:2      | Reached skill level 1 in Hexes
  2159 | D:2      | Reached skill level 1 in Summonings
  2159 | D:2      | Reached skill level 1 in Necromancy
  2159 | D:2      | Reached skill level 1 in Translocations
  2159 | D:2      | Reached skill level 1 in Transmutations
  2159 | D:2      | Reached skill level 1 in Fire Magic
  2159 | D:2      | Reached skill level 1 in Ice Magic
  2159 | D:2      | Reached skill level 1 in Air Magic
  2159 | D:2      | Reached skill level 1 in Earth Magic
  2738 | D:3      | Reached XP level 5. HP: 51/51 MP: 7/9
  2755 | D:3      | Found a large runed translucent door.
  2755 | D:3      | Found a large runed translucent door.
  2869 | D:3      | Noticed Sigmund
  2878 | D:3      | Killed Sigmund
  2879 | D:3      | Reached XP level 6. HP: 53/57 MP: 3/11
  3011 | D:3      | Noticed Terence
  3030 | D:3      | Killed Terence
  3243 | D:3      | Reached skill level 5 in Throwing
  3916 | D:3      | Found a basalt altar of Yredelemnul.
  4119 | D:3      | Noticed Ijyb
  4146 | D:3      | Blown up by Ijyb

Illustrated notes

Levels and vault maps discovered:
D:1:      dpeg_arrival_stonehenge_8_columns, layout_rooms
D:2:      minmay_angry_zag, layout_loops_ring,
          dreamdust_ecumenical_altar_statues, kennysheep_decorative_pillar,
          hangedman_decor_clover_reticule, minmay_misc_feat_rugged,
          minmay_misc_feat_encased, kennysheep_potato
D:3:      layout_basic, mainiacjoe_overflow_catwalk_spiral,
          jmf_multi_god_temple2, chequers_serial_rivers_room_b, uniq_sigmund,
          uniq_terence, uniq_ijyb

Skill      XL: |  1  2  3  4  5  6 |
---------------+-------------------+-----
Invocations    | 1 2 |  2.3
Short Blades   | 1 2 |  2.1
Long Blades    | 1 2 |  2.1
Axes           | 1 2 |  2.1
Maces & Flails | 1 2 |  2.1
Polearms       | 1 2 |  2.1
Staves         | 1 2 |  2.1
Slings         | 1 2 |  2.1
Bows           | 1 2 |  2.1
Crossbows      | 1 2 |  2.1
Armour         | 1 2 |  2.1
Stealth        | 1 2 |  2.1
Shields        | 1 2 |  2.1
Unarmed Combat | 1 2 |  2.1
Evocations     | 1 2 |  2.1
Spellcasting   | 3 |  3.5
Conjurations   | 1 |  1.6
Hexes          | 1 |  1.6
Summonings     | 1 |  1.6
Necromancy     | 1 |  1.6
Translocations | 1 |  1.6
Transmutations | 1 |  1.6
Fire Magic     | 1 |  1.6
Ice Magic      | 1 |  1.6
Air Magic      | 1 |  1.6
Earth Magic    | 1 |  1.6
Dodging        | 3 |  3.3
Poison Magic   | 4 |  4.1
Throwing       | 5 |  5.0
Fighting       | |  8.8

Action                   |  1- 3 |  4- 6 || total
-------------------------+-------+-------++-------
Melee: Dagger            |    11 |    10 ||    21
       Bite              |     3 |     3 ||     6
       Staff             |     1 |     3 ||     4
 Cast: Sting             |    74 |   101 ||   175
       Slow              |     4 |    13 ||    17
Armor: Robe              |    18 |    16 ||    34
Dodge: Dodged            |    32 |    39 ||    71
